[ AOE2 MATCH · #477609144 ]
UnrankedLithuanians vs Spanish
Player's team · LOSS
Rival team · WIN
[ REPLAY ANALYSIS · EXTRACTED FROM THE RECORDED GAME ]
Feudal
9:47
Castle
21:20
Imperial
41:10
| APM avg | 26.9 |
| APM peak | 44 |
| eAPM avg | 12.6 |
| Villagers / military | 75 / 89 |
Focus
⚔️ 37.2% · 🌾 62.8%
Knight ×39 · Skirmisher ×17 · Spearman ×15 · Scout Cavalry ×8 · Monk ×5 · Battering Ram ×5
Feudal
10:25
Castle
19:20
Imperial
34:06
| APM avg | 43.5 |
| APM peak | 97 |
| eAPM avg | 22.8 |
| Villagers / military | 114 / 107 |
Focus
⚔️ 28.5% · 🌾 71.5%
Knight ×50 · Spearman ×39 · Scout Cavalry ×8 · Trebuchet (Packed) ×4 · Monk ×3 · Conquistador ×3
Match map
Initial resources + every placement click. Lines = walls · curves = elevation contours. ◆ gold · ⬟ stone · ● berries · ✦ relic · ◌ wall gap
Your base· ✓ Closed at 21:20 · 36t walls · 2 gate(s)
SirLancelot_666's base· ✓ Closed at 19:20 · 57t walls · 2 gate(s)
Smoothed initial terrain · ◌ = detected wall gap · hover for details
Inputs per minute
— l'entourloupe - - SirLancelot_666
Build order — l'entourloupe
First 150 of 293 actions detected
| 0:01 | Create | Villager (Male) |
| 0:02 | Create | Villager (Male) |
| 0:03 | Build | House |
| 0:06 | Build | House |
| 0:49 | Create | Villager (Male) |
| 0:55 | Create | Villager (Male) |
| 1:16 | Create | Villager (Male) |
| 1:48 | Create | Villager (Male) |
| 1:56 | Build | Lumber Camp |
| 1:59 | Create | Villager (Male) |
| 2:09 | Create | Villager (Male) |
| 2:41 | Create | Villager (Male) |
| 3:04 | Create | Villager (Male) |
| 3:10 | Create | Villager (Male) |
| 3:47 | Create | Villager (Male) |
| 4:44 | Build | House |
| 4:52 | Create | Villager (Male) |
| 5:34 | Build | Mill |
| 5:37 | Create | Villager (Male) |
| 5:53 | Create | Villager (Male) |
| 6:06 | Create | Villager (Male) |
| 6:26 | Create | Villager (Male) |
| 6:36 | Research | Loom |
| 6:36 | Create | Villager (Male) |
| 6:54 | Create | Villager (Male) |
| 7:02 | Build | House |
| 7:22 | Build | Palisade Wall |
| 7:37 | Research | Feudal Age |
| 7:53 | Build | House |
| 8:25 | Build | House |
| 8:33 | Create | Villager (Male) |
| 8:53 | Build | Mill |
| 8:57 | Create | Villager (Male) |
| 9:03 | Create | Villager (Male) |
| 9:33 | Build | Barracks |
| 9:47 | Age | Feudal Age |
| 10:24 | Create | Villager (Male) |
| 10:36 | Build | Stable |
| 11:08 | Build | Farm |
| 11:14 | Research | Double-Bit Axe |
| 11:21 | Build | Palisade Wall |
| 11:34 | Build | Palisade Gate |
| 11:40 | Build | Farm |
| 11:42 | Build | Palisade Wall |
| 11:44 | Create | Scout Cavalry |
| 11:44 | Create | Scout Cavalry |
| 11:46 | Create | Villager (Male) |
| 11:48 | Build | Farm |
| 11:56 | Create | Spearman |
| 12:12 | Create | Villager (Male) |
| 12:35 | Build | Farm |
| 12:38 | Build | Farm |
| 13:01 | Build | Palisade Wall |
| 13:09 | Build | Farm |
| 13:15 | Create | Scout Cavalry |
| 13:18 | Build | Farm |
| 13:41 | Create | Villager (Male) |
| 13:41 | Create | Villager (Male) |
| 13:43 | Research | Horse Collar |
| 14:05 | Create | Villager (Male) |
| 14:12 | Build | Palisade Wall |
| 14:16 | Create | Villager (Male) |
| 14:18 | Build | Farm |
| 14:19 | Create | Villager (Male) |
| 14:22 | Create | Villager (Male) |
| 15:01 | Create | Villager (Male) |
| 15:10 | Build | House |
| 15:23 | Build | Farm |
| 15:24 | Build | Farm |
| 15:24 | Build | Farm |
| 15:28 | Create | Villager (Male) |
| 15:43 | Build | House |
| 15:45 | Build | Palisade Wall |
| 16:04 | Build | House |
| 16:20 | Create | Villager (Male) |
| 16:34 | Build | House |
| 16:43 | Build | Mining Camp |
| 16:49 | Build | Farm |
| 17:09 | Build | Farm |
| 17:28 | Build | Palisade Gate |
| 17:33 | Build | Palisade Wall |
| 17:34 | Build | Palisade Wall |
| 17:38 | Build | Palisade Wall |
| 17:53 | Create | Villager (Male) |
| 17:58 | Build | Market |
| 18:02 | Build | Farm |
| 18:07 | Build | Farm |
| 18:31 | Build | Farm |
| 18:37 | Create | Scout Cavalry |
| 18:37 | Create | Scout Cavalry |
| 18:40 | Research | Castle Age |
| 18:50 | Create | Scout Cavalry |
| 19:02 | Build | House |
| 19:04 | Build | House |
| 19:07 | Build | House |
| 19:08 | Build | House |
| 19:24 | Build | Lumber Camp |
| 19:58 | Research | Bloodlines |
| 20:26 | Build | Blacksmith |
| 20:37 | Create | Villager (Male) |
| 21:07 | Create | Scout Cavalry |
| 21:08 | Create | Scout Cavalry |
| 21:20 | Age | Castle Age |
| 21:31 | Build | Monastery |
| 21:38 | Build | Monastery |
| 21:46 | Create | Villager (Male) |
| 22:00 | Create | Villager (Male) |
| 22:00 | Create | Villager (Male) |
| 22:23 | Create | Monk |
| 22:24 | Create | Monk |
| 22:41 | Create | Villager (Male) |
| 22:41 | Create | Villager (Male) |
| 23:16 | Research | Sanctity |
| 23:17 | Research | Fervor |
| 23:56 | Build | Palisade Gate |
| 24:04 | Create | Monk |
| 24:04 | Create | Monk |
| 24:06 | Create | Villager (Male) |
| 24:06 | Create | Villager (Male) |
| 24:33 | Build | House |
| 24:37 | Build | House |
| 24:56 | Create | Villager (Male) |
| 24:56 | Create | Villager (Male) |
| 25:06 | Build | Town Center |
| 25:24 | Research | Light Cavalry (upgrade) |
| 25:30 | Research | Pikeman (upgrade) |
| 27:01 | Build | Archery Range |
| 27:03 | Build | Archery Range |
| 27:06 | Build | Archery Range |
| 27:08 | Research | Fletching |
| 27:57 | Research | Forging |
| 28:02 | Research | Elite Skirmisher (upgrade) |
| 28:09 | Build | University |
| 28:26 | Build | House |
| 28:31 | Create | Skirmisher |
| 28:31 | Create | Skirmisher |
| 28:32 | Create | Skirmisher |
| 28:32 | Create | Skirmisher |
| 28:34 | Research | Bodkin Arrow |
| 28:55 | Create | Villager (Male) |
| 28:55 | Create | Villager (Male) |
| 28:56 | Create | Villager (Male) |
| 28:56 | Create | Villager (Male) |
| 29:16 | Build | Town Center |
| 29:18 | Create | Villager (Male) |
| 29:19 | Create | Villager (Male) |
| 29:19 | Create | Villager (Male) |
| 29:20 | Create | Skirmisher |
| 29:21 | Create | Skirmisher |
| 29:21 | Create | Skirmisher |
Build order — SirLancelot_666
First 150 of 363 actions detected
| 0:00 | Create | Villager (Male) |
| 0:01 | Create | Villager (Male) ×4 |
| 0:01 | Create | Villager (Male) ×3 |
| 0:02 | Build | House |
| 0:04 | Build | House |
| 1:23 | Create | Villager (Male) |
| 1:23 | Create | Villager (Male) |
| 1:59 | Create | Villager (Male) |
| 1:59 | Create | Villager (Male) |
| 2:14 | Create | Villager (Male) |
| 2:14 | Create | Villager (Male) |
| 2:14 | Create | Villager (Male) |
| 2:28 | Build | Lumber Camp |
| 2:57 | Create | Villager (Male) ×2 |
| 2:57 | Create | Villager (Male) ×2 |
| 3:28 | Create | Villager (Male) |
| 3:28 | Create | Villager (Male) |
| 3:35 | Create | Villager (Male) |
| 3:35 | Create | Villager (Male) |
| 3:56 | Build | House |
| 4:06 | Create | Villager (Male) |
| 4:06 | Create | Villager (Male) |
| 4:28 | Build | House |
| 4:50 | Create | Villager (Male) |
| 4:50 | Create | Villager (Male) |
| 4:51 | Create | Villager (Male) |
| 4:51 | Create | Villager (Male) |
| 4:57 | Build | Mill |
| 5:57 | Create | Villager (Male) ×3 |
| 5:57 | Create | Villager (Male) |
| 6:27 | Build | Mill |
| 6:47 | Create | Villager (Male) |
| 7:21 | Research | Loom |
| 7:25 | Build | House |
| 8:04 | Build | Lumber Camp |
| 8:15 | Research | Feudal Age |
| 8:30 | Build | Palisade Wall |
| 8:35 | Create | Villager (Male) |
| 8:37 | Build | Mining Camp |
| 8:42 | Build | House |
| 8:48 | Build | Palisade Wall |
| 9:04 | Build | House |
| 9:11 | Build | Palisade Wall |
| 9:14 | Create | Villager (Male) |
| 10:10 | Build | Palisade Wall |
| 10:16 | Build | Palisade Gate |
| 10:25 | Age | Feudal Age |
| 11:08 | Create | Villager (Male) |
| 11:08 | Create | Villager (Male) |
| 11:22 | Build | Blacksmith |
| 11:25 | Create | Villager (Male) |
| 11:53 | Build | Barracks |
| 11:56 | Build | Farm |
| 11:57 | Create | Villager (Male) |
| 12:00 | Build | House |
| 12:05 | Create | Villager (Male) |
| 12:08 | Build | Farm |
| 12:34 | Create | Spearman |
| 12:40 | Build | Farm |
| 12:53 | Build | Stone Wall |
| 13:01 | Build | Stone Wall |
| 13:06 | Create | Villager (Male) |
| 13:08 | Build | Farm |
| 13:08 | Create | Villager (Male) |
| 13:24 | Build | Farm |
| 13:25 | Create | Villager (Male) |
| 13:36 | Build | Market |
| 13:37 | Build | House |
| 13:50 | Build | Farm |
| 14:15 | Build | Farm |
| 14:16 | Create | Villager (Male) |
| 14:39 | Build | Farm |
| 14:49 | Build | Stone Wall |
| 14:56 | Create | Villager (Male) |
| 14:58 | Create | Spearman |
| 14:58 | Create | Spearman |
| 15:23 | Create | Spearman |
| 15:24 | Create | Villager (Male) |
| 15:27 | Build | Farm |
| 15:31 | Build | Farm |
| 16:15 | Create | Villager (Male) |
| 16:18 | Build | Farm |
| 16:19 | Create | Villager (Male) |
| 16:29 | Research | Castle Age |
| 16:59 | Research | Double-Bit Axe |
| 17:03 | Research | Horse Collar |
| 17:15 | Build | Mining Camp |
| 17:44 | Build | Stone Wall |
| 18:19 | Build | Stable |
| 18:39 | Build | Stone Wall |
| 18:47 | Build | Gate |
| 19:06 | Build | Stable |
| 19:09 | Create | Villager (Male) |
| 19:09 | Create | Villager (Male) |
| 19:09 | Create | Villager (Male) |
| 19:20 | Age | Castle Age |
| 19:26 | Create | Villager (Male) |
| 19:33 | Build | Town Center |
| 19:58 | Build | Stone Wall |
| 19:59 | Create | Scout Cavalry |
| 19:59 | Create | Scout Cavalry |
| 20:02 | Create | Villager (Male) |
| 20:13 | Create | Villager (Male) |
| 20:24 | Create | Villager (Male) |
| 20:24 | Create | Villager (Male) |
| 20:30 | Build | Town Center |
| 20:49 | Build | Stone Wall |
| 20:51 | Create | Villager (Male) |
| 20:53 | Create | Villager (Male) |
| 20:54 | Create | Villager (Male) |
| 21:13 | Create | Villager (Male) |
| 21:20 | Create | Villager (Male) |
| 21:20 | Create | Villager (Male) |
| 21:32 | Research | Wheelbarrow |
| 21:37 | Build | Farm |
| 21:49 | Build | Monastery |
| 21:50 | Create | Villager (Male) |
| 21:51 | Create | Villager (Male) |
| 21:52 | Create | Villager (Male) |
| 22:12 | Create | Villager (Male) |
| 22:27 | Create | Monk |
| 22:29 | Create | Villager (Male) |
| 22:35 | Build | House |
| 22:40 | Create | Villager (Male) |
| 22:43 | Build | Farm |
| 22:45 | Build | Farm |
| 22:51 | Build | Farm |
| 22:53 | Create | Villager (Male) |
| 23:08 | Build | House |
| 23:17 | Create | Knight |
| 23:17 | Create | Knight |
| 23:29 | Build | Farm |
| 23:31 | Build | Farm |
| 23:32 | Create | Villager (Male) |
| 23:36 | Build | Lumber Camp |
| 23:52 | Create | Scout Cavalry |
| 24:09 | Create | Scout Cavalry |
| 24:12 | Create | Knight |
| 24:16 | Create | Villager (Male) |
| 24:22 | Build | Farm |
| 24:24 | Build | Farm |
| 24:27 | Build | Farm |
| 24:27 | Create | Villager (Male) |
| 24:50 | Build | Castle |
| 25:04 | Create | Monk |
| 25:07 | Create | Villager (Male) |
| 25:07 | Create | Villager (Male) |
| 25:08 | Create | Villager (Male) |
| 25:08 | Create | Villager (Male) |
| 25:11 | Build | House |
Match timeline
| 7:22 | l'entourloupe · wall_segment Palisade Wall x4 |
| 8:30 | SirLancelot_666 · wall_segment Palisade Wall x16 |
| 8:48 | SirLancelot_666 · wall_segment Palisade Wall x6 |
| 9:11 | SirLancelot_666 · wall_segment Palisade Wall x9 |
| 9:33 | l'entourloupe · first_building Barracks |
| 9:47 | l'entourloupe · age_up feudal |
| 10:10 | SirLancelot_666 · wall_segment Palisade Wall x8 |
| 10:25 | SirLancelot_666 · age_up feudal |
| 10:36 | l'entourloupe · first_building Stable |
| 11:21 | l'entourloupe · wall_segment Palisade Wall x1 |
| 11:42 | l'entourloupe · wall_segment Palisade Wall x1 |
| 11:53 | SirLancelot_666 · first_building Barracks |
| 12:53 | SirLancelot_666 · wall_segment Stone Wall x2 |
| 13:01 | SirLancelot_666 · wall_segment Stone Wall x2 |
| 13:01 | l'entourloupe · wall_segment Palisade Wall x12 |
| 14:12 | l'entourloupe · wall_segment Palisade Wall x5 |
| 14:49 | SirLancelot_666 · wall_segment Stone Wall x8 |
| 15:45 | l'entourloupe · wall_segment Palisade Wall x1 |
| 17:33 | l'entourloupe · wall_segment Palisade Wall x1 |
| 17:34 | l'entourloupe · wall_segment Palisade Wall x1 |
| 17:38 | l'entourloupe · wall_segment Palisade Wall x10 |
| 17:44 | SirLancelot_666 · wall_segment Stone Wall x4 |
| 18:19 | SirLancelot_666 · first_building Stable |
| 18:39 | SirLancelot_666 · wall_segment Stone Wall x6 |
| 19:20 | SirLancelot_666 · age_up castle |
| 19:58 | SirLancelot_666 · wall_segment Stone Wall x4 |
| 20:49 | SirLancelot_666 · wall_segment Stone Wall x4 |
| 21:20 | l'entourloupe · age_up castle |
| 21:30 | SirLancelot_666 · first_market_buy 100 food |
| 21:31 | l'entourloupe · first_building Monastery |
| 21:49 | SirLancelot_666 · first_building Monastery |
| 24:50 | SirLancelot_666 · first_building Castle |
| 27:01 | l'entourloupe · first_building Archery Range |
| 29:39 | l'entourloupe · wall_segment Palisade Wall x1 |
| 29:40 | l'entourloupe · wall_segment Palisade Wall x1 |
| 29:41 | l'entourloupe · wall_segment Palisade Wall x1 |
| 30:53 | l'entourloupe · wall_segment Palisade Wall x1 |
| 30:55 | l'entourloupe · wall_segment Palisade Wall x1 |
| 30:56 | l'entourloupe · wall_segment Palisade Wall x1 |
| 34:06 | SirLancelot_666 · age_up imperial |
| 35:07 | l'entourloupe · first_building Siege Workshop |
| 37:17 | l'entourloupe · first_market_buy 100 wood |
| 37:46 | SirLancelot_666 · first_market_sell 100 wood |
| 41:10 | l'entourloupe · age_up imperial |
| 41:25 | l'entourloupe · first_market_sell 100 stone |
| 42:27 | l'entourloupe · wall_segment Stone Wall x1 |
| 42:31 | l'entourloupe · wall_segment Stone Wall x1 |
| 42:34 | l'entourloupe · wall_segment Stone Wall x1 |
| 43:27 | l'entourloupe · resign |
[ AI ANALYSIS · 1 CREDIT ]
What really happened in this match?
Wolo.gg analyzes every decision: build order, eco, micro, common mistakes by bracket. Personalized analysis on WhatsApp or Discord in 30 seconds.
Civ guide
Lithuanians
Perfil
Jugador #24554449